 Dungeon Crawl Stone Soup version 0.29.0-4-gdea44cf6ec (webtiles) character file.

Game seed: 238687525457178847

5708 Plasmagod the Cleaver (level 10, -2/101 HPs)
             Began as a Minotaur Berserker on Aug 27, 2022.
             Was an Elder of Trog.
             Slain by a wolf spider (11 damage)
             ... on level 9 of the Dungeon.
             The game lasted 00:13:20 (9721 turns).

Plasmagod the Cleaver (Minotaur Berserker)          Turns: 9721, Time: 00:13:21

Health: -2/101     AC: 12    Str: 29    XL:     10   Next: 48%
Magic:  0/9        EV:  9    Int:  6    God:    Trog [****..]
Gold:   329        SH:  0    Dex: 11    Spells: 9/9 levels left

rFire   . . .      SeeInvis .   F - +2 battleaxe
rCold   . . .      Faith    .   (shield currently unavailable)
rNeg    . . .      Spirit   +   k - +0 chain mail
rPois   .          Reflect  .   (helmet restricted)
rElec   .          Harm     .   (no cloak)
rCorr   .          Rampage  .   (no gloves)
Will    .....                   (no boots)
Stlth   ..........              d - amulet of guardian spirit
HPRegen 0.26/turn               h - +6 ring of strength
MPRegen 0.11/turn               A - +4 ring of protection

@: lethally poisoned (-2 -> -10)
A: horns 2, retaliatory headbutt
a: Renounce Religion, Berserk, Trog's Hand, Brothers in Arms


You were on level 9 of the Dungeon.
You worshipped Trog.
Trog was greatly pleased with you.
You visited 1 branch of the dungeon, and saw 9 of its levels.

You collected 329 gold pieces.

Inventory:

Hand Weapons
 a - a +0 hand axe
 F - a +2 battleaxe (weapon)
Armour
 k - a +0 chain mail (worn)
Jewellery
 d - an amulet of guardian spirit (around neck)
 h - a +6 ring of strength (left hand)
 s - a ring of flight
 u - a +6 ring of dexterity
 A - a +4 ring of protection (right hand)
Wands
 x - a wand of iceblast (13)
 G - a wand of paralysis (3)
Scrolls
 f - 2 scrolls of noise
 i - a scroll of immolation {unknown}
 l - 3 scrolls of teleportation
 n - 2 scrolls of blinking {unknown}
 q - a scroll of poison {unknown}
 r - 8 scrolls of identify
 v - a scroll of torment {unknown}
 w - a scroll of enchant armour {unknown}
 y - 2 scrolls of brand weapon {unknown}
 C - 2 scrolls of vulnerability {unknown}
 E - 2 scrolls of fear {unknown}
Potions
 b - 2 potions of attraction
 c - 4 potions of flight
 e - a potion of degeneration
 g - 2 potions of brilliance {unknown}
 m - a potion of magic
 o - a potion of mutation
 p - a potion of might {unknown}
 t - a potion of ambrosia {unknown}
 z - a potion of berserk rage {unknown}
 B - a potion of invisibility {unknown}
 D - 2 potions of curing


   Skills:
 + Level 13.3 Fighting
 - Level 14.0 Axes
 - Level 2.4 Armour
 - Level 2.1 Dodging


You had 9 spell levels left.
You didn't know any spells.
Your spell library was empty.

Dungeon Overview and Level Annotations

Branches:
Dungeon (9/15)             Temple (0/1) D:7
   Lair: D:8-11         Orc: D:9-12

Altars:
Elyvilon

Shops:
D:1 !?(   D:5 [

Annotations:
D:7 1 runed translucent door, Destructed3's ghost, novice GnWn


Innate Abilities, Weirdness & Mutations

You have a pair of horns on your head.
You reflexively headbutt those who attack you in melee.


Message History

The bullfrog gives a loud, deep croak!
You hear a skittering sound.
A wolf spider comes into view.
The wolf spider hits you!
The wolf spider bites you but does no damage.
You hit the wolf spider. You headbutt the wolf spider.
The wolf spider is lightly wounded.
The wolf spider hits you but does no damage.
The wolf spider bites you.
You are poisoned.
The wolf spider poisons you!
You slice the wolf spider!!
The wolf spider is heavily wounded.
You feel very sick. The wolf spider hits you!! The wolf spider bites you.
The wolf spider hits you! The wolf spider bites you.
You hit the wolf spider.
The wolf spider is heavily wounded.
You feel very sick.
The wolf spider hits you but does no damage.
The wolf spider misses you.
You barely miss the wolf spider.
The wolf spider is heavily wounded.
You feel very sick.
The wolf spider hits you but does no damage.
The wolf spider bites you but does no damage.
The wolf spider hits you but does no damage.
The wolf spider bites you!
* * * LOW HITPOINT WARNING * * *
You barely miss the wolf spider.
The wolf spider is heavily wounded.
You feel very sick. The wolf spider hits you!
* * * LOW HITPOINT WARNING * * *
The wolf spider misses you.
You feel much better.
You feel very sick. The wolf spider hits you!
* * * LOW HITPOINT WARNING * * *
The wolf spider bites you!
You die...

..............# #.#
#[.........
###...........# #.#
######.#.##
#................ #.....
#....(.....####.. ###.##
############ #### #.#
#### ##.. #.# ...# 'F♣
#######.## ##.# #s♣ #
#......... ...#
######@♣.# #.#####.##
.### #...†....# #.# #.##
..# ### #.#########..#.#
#.#. ..#♣♣.♣♣# ♣.♣
#....# #.#. ..#♣P~≈≈#
♣.♣ ... #.##.# #.#.
..#♣~P♣♣#♣♣.♣♣
♣♣.♣♣#.##.# #... ..#~♣♣♣
♣...♣ ♣...♣#.##<# ###.
..#♣~P♣ ♣...♣
♣♣.♣♣#.##.# #. ..#♣P~♣♣
♣...♣#♣...♣#.##.#######.


You could see a wolf spider and a bullfrog.

Vanquished Creatures
  Erica (D:9)
  A two-headed ogre (D:9)
  A manticore (D:7)
  Psyche (D:9)
  A steam dragon (D:7)
  2 acid dragons (D:9)
  Duvessa (D:6)
  An ice beast (D:6)
  2 sky beasts
  3 orc warriors
  A black bear (D:4)
  2 ogres
  2 centaurs
  4 bullfrogs
  2 kobold brigands (D:7)
  A necrophage (D:5)
  A gnoll sergeant (D:5)
  2 scorpions
  7 wights
  Dowan (D:6)
  8 killer bees (D:9)
  2 howler monkeys (D:9)
  5 hounds
  A gnoll bouda (D:5)
  6 orc priests
  A jelly (D:5)
  6 orc wizards
  Ijyb (D:5)
  Terence (D:3)
  7 iguanas
  9 gnolls
  7 adders
  A white imp (D:7)
  An ufetubus (D:6)
  2 worms (D:2)
  3 dart slugs
  29 orcs
  3 bats
  7 endoplasms
  4 giant cockroaches
  9 goblins
  5 hobgoblins
  11 jackals
  4 quokkas
  8 ball pythons
  3 frilled lizards
  18 kobolds
  5 rats
204 creatures vanquished.

Vanquished Creatures (others)
  A plant (D:9)
1 creature vanquished.

Grand Total: 205 creatures vanquished

Notes
Turn   | Place    | Note
-------+----------+-------------------------------------------
     0 | D:1      | Plasmagod the Minotaur Berserker began the quest for the
                  | Orb.
     0 | D:1      | Reached XP level 1. HP: 19/19 MP: 0/0
   134 | D:1      | Reached skill level 4 in Axes
   169 | D:1      | Found Ynuicag's Antique Weapon Shoppe.
   210 | D:1      | Reached XP level 2. HP: 21/26 MP: 1/1
   438 | D:1      | Found a faded altar of an unknown god.
   653 | D:1      | Found Zasicojua's Magic Scroll Emporium.
   676 | D:1      | Found Tiunnem's Distillery.
   781 | D:1      | Reached skill level 5 in Axes
  1020 | D:2      | Reached XP level 3. HP: 31/31 MP: 2/2
  1252 | D:2      | Reached ** piety under Trog
  1992 | D:2      | Reached XP level 4. HP: 33/39 MP: 3/3
  1993 | D:2      | Reached skill level 6 in Axes
  2150 | D:3      | Noticed Terence
  2159 | D:3      | Killed Terence
  3059 | D:4      | Noticed a scorpion
  3063 | D:4      | Killed a scorpion
  3064 | D:4      | Reached skill level 7 in Axes
  3064 | D:4      | Reached XP level 5. HP: 45/45 MP: 4/4
  3441 | D:4      | Reached skill level 8 in Axes
  3441 | D:4      | Noticed an ogre
  3445 | D:4      | Killed an ogre
  3446 | D:4      | Reached XP level 6. HP: 23/51 MP: 1/5
  3661 | D:4      | Reached skill level 9 in Axes
  4253 | D:5      | Entered Level 5 of the Dungeon
  4258 | D:5      | Reached XP level 7. HP: 56/57 MP: 4/6
  4413 | D:5      | Reached *** piety under Trog
  4422 | D:5      | Reached skill level 10 in Axes
  4793 | D:5      | Reached skill level 11 in Axes
  5146 | D:5      | Found Xereum's Armour Shoppe.
  5172 | D:5      | Found a white marble altar of Elyvilon.
  5219 | D:5      | Noticed Ijyb
  5235 | D:5      | Killed Ijyb
  5359 | D:5      | Reached XP level 8. HP: 51/64 MP: 7/7
  5828 | D:6      | Noticed Dowan
  5838 | D:6      | Noticed Duvessa
  5847 | D:6      | Killed Duvessa
  5848 | D:6      | Reached skill level 12 in Axes
  5848 | D:6      | Killed Dowan
  5952 | D:6      | HP: 3/64 [poisoned by a scorpion]
  6411 | D:6      | Reached skill level 13 in Axes
  6992 | D:7      | Reached skill level 14 in Axes
  7059 | D:7      | Reached XP level 9. HP: 72/72 MP: 8/8
  7086 | D:7      | Reached skill level 5 in Fighting
  7285 | D:7      | Found a staircase to the Ecumenical Temple.
  7309 | D:7      | Reached **** piety under Trog
  7391 | D:7      | Found a runed translucent door.
  7392 | D:7      | Noticed Destructed3's ghost (novice GnWn)
  7613 | D:7      | Noticed a manticore
  7626 | D:7      | Killed a manticore
  8520 | D:9      | Noticed a two-headed ogre
  8525 | D:9      | Killed a two-headed ogre
  8526 | D:9      | Reached skill level 10 in Fighting
  8532 | D:9      | Reached XP level 10. HP: 23/95 MP: 2/9
  8881 | D:9      | Noticed Erica
  8887 | D:9      | Killed Erica
  9213 | D:9      | Noticed Psyche
  9218 | D:9      | Killed Psyche
  9714 | D:9      | Noticed a wolf spider
  9720 | D:9      | HP: 2/101 [wolf spider (14)]
  9721 | D:9      | Slain by a wolf spider

Illustrated notes

Levels and vault maps discovered:
D:1:      lightli_arrival_farm, layout_loops_ring,
          ebering_ecumenical_altar_petrified, serial_shops,
          nicolae_diamond_shop, shop_statue, shop_statue
D:2:      layout_loops_cross, eino_tiny_chamber, minmay_quantized
D:3:      layout_loops_ring, uniq_terence
D:4:      minmay_diamond_boxcup, layout_loops_corners,
          minmay_misc_feat_four_crosses, nicolae_titane
D:5:      layout_layer_cave, mainiacjoe_overflow_alcove_1, serial_shops,
          nicolae_shop_temple_entry_statues_fountains, uniq_ijyb
D:6:      layout_gridville, uniq_duvessa
D:7:      layout_basic, minmay_temple_entry_statues_pillars,
          ebering_ghost_reflecting_pool, minmay_crystal_room
D:8:      layout_rooms
D:9:      nzn_winding_woodlands_three_and_one
          [nzn_winding_woodlands_5x15_lazy_stream,
          nzn_winding_woodlands_5x15_default, nzn_winding_woodlands_5x15_pool,
          nzn_winding_woodlands_center_lodge], layout_loops_ring, uniq_erica,
          uniq_harold, uniq_psyche

Skill      XL: |  1  2  3  4  5  6  7  8  9 10 |
---------------+-------------------------------+-----
Axes           | 4 5 7 8 9 11 14 | 14.0
Fighting       | 4 11 13 | 13.3
Armour         | |  2.4
Dodging        | |  2.1

Action                   |  1- 3 |  4- 6 |  7- 9 | 10-12 || total
-------------------------+-------+-------+-------+-------++-------
Melee: Hand axe          |    81 |   114 |   181 |       ||   376
       Headbutt          |    12 |    15 |    47 |     5 ||    79
       Punch             |     1 |       |     3 |       ||     4
       Battleaxe         |       |       |    73 |    58 ||   131
Invok: Berserk           |     2 |     4 |     6 |       ||    12
  Use: Potion            |       |       |     6 |     1 ||     7
       Scroll            |       |       |     4 |       ||     4
Armor: Animal skin       |     6 |       |       |       ||     6
       Chain mail        |     9 |    37 |    93 |    31 ||   170
Dodge: Dodged            |    38 |    50 |   107 |    18 ||   213
